 Dungeon Crawl Stone Soup version 0.28.0 (webtiles) character file.

Game seed: 11717744530158910094

26175 GrayStillPlays the Fighter (level 13, -14/71 HPs)
             Began as a Vine Stalker Brigand on Feb 8, 2022.
             Was an Elder of Uskayaw.
             Demolished by a bog body (28 damage)
             ... on level 4 of the Lair of Beasts.
             The game lasted 01:11:16 (15251 turns).

GrayStillPlays the Fighter (Vine Stalker Brigand)  Turns: 15251, Time: 01:11:17

Health: -14/71     AC: 16    Str: 17    XL:     13   Next: 24%
Magic:  0/22       EV: 18    Int: 17    God:    Uskayaw [****..]
Gold:   407        SH:  7    Dex: 17    Spells: 11/23 levels left

rFire   . . .      SeeInvis .   t - +3 trident (venom) {polearm}
rCold   x . .      Faith    .   x - +2 buckler
rNeg    + . .      Spirit   +   y - +0 troll leather armour
rPois   +          Reflect  .   q - +2 helmet
rElec   .          Harm     .   c - +2 cloak
rCorr   +          Rampage  .   K - +2 pair of gloves of Conscience {rN+ rCorr Str+3 Int-4}
Will    +++..                   I - +2 pair of boots
Stlth   +++.......              f - amulet of regeneration {@e2}
HPRegen 2.61/turn               V - ring of Ydimao {rPois rC- Will++ Int+6}
MPRegen 0.18/turn               J - +4 ring of evasion

@: no status effects
A: fangs 3, regeneration 1, magic shield, antimagic bite, no potion heal 2
a: Renounce Religion, Stomp, Line Pass


You were on level 4 of the Lair of Beasts.
You worshipped Uskayaw.
Uskayaw was aware of your devotion.
You visited 3 branches of the dungeon, and saw 16 of its levels.

You collected 755 gold pieces.
You spent 348 gold pieces at shops.


Innate Abilities, Weirdness & Mutations

You have razor-sharp teeth.
Your natural rate of healing is unusually fast.
When hurt, damage is shared between your health and your magic reserves.
Your bite disrupts and absorbs the magic of your enemies.
Potions cannot restore your health.


   Skills:
 + Level 9.7 Fighting
 - Level 2.9 Short Blades
 - Level 1.7 Throwing
 - Level 6.3 Dodging
 - Level 4.8 Stealth
 - Level 4.4 Shields
 - Level 5.6 Spellcasting
 - Level 6.7 Hexes
 + Level 8.5 Necromancy
 * Level 7.2 Transmutations
 + Level 9.7 Invocations


You had 11 spell levels left.
You knew the following spells:

 Your Spells              Type           Power      Damage    Failure   Level
a - Anguish               Hex/Necr       15%        N/A       9%          4
b - Tukima's Dance        Hex            27%        N/A       4%          3
c - Irradiate             Conj/Tmut      8%         3d16      78%         5

Your spell library contained the following spells:

 Spells                   Type           Power      Damage    Failure   Level
 Animate Skeleton         Necr           66%        N/A       1%          1
 Pain                     Necr           100%       1d9       1%          1
 Slow                     Hex            100%       N/A       1%          1
 Vampiric Draining        Necr           33%        2d8       1%          3
 Confusing Touch          Hex            27%        N/A       4%          3
 Animate Dead             Necr           16%        N/A       6%          4
 Summon Guardian Golem    Hex/Summ       16%        N/A       16%         3
 Summon Small Mammal      Summ           16%        N/A       21%         1
 Blade Hands              Tmut           14%        N/A       28%         5
 Call Canine Familiar     Summ           4%         N/A       52%         3
 Dragon Form              Tmut           14%        N/A       100%        7
 Enfeeble                 Hex            13%        N/A       100%        7
 Haunt                    Necr/Summ      9%         N/A       100%        7
 Infestation              Necr           16%        N/A       100%        8

Inventory:

Hand Weapons
 t - a +3 trident of venom (weapon) {polearm}
   (You took it off an orc warrior on level 8 of the Dungeon)
 R - the +9 broad axe "Dumun" {drain, rC+, axe}
   (You bought it in a shop on level 5 of the Dungeon)

   A truly terrible weapon, it drains the life of any living foe it strikes.
   rC:        It protects you from cold.
Missiles
 d - 48 poisoned darts (quivered) {throwing}
 m - 2 throwing nets {=f!fthrowing}
 P - 2 curare-tipped darts {=fthrowing}
Armour
 c - a +2 cloak (worn)
 e - a +2 robe of cold resistance
   (You took it off Blork the orc on level 5 of the Dungeon)
 q - a +2 helmet (worn)
   (You took it off Robin on level 2 of the Dungeon)
 x - a +2 buckler (worn)
   (You found it on level 3 of the Dungeon)
 y - a +0 troll leather armour (worn)
   (You found it on level 9 of the Dungeon)
 I - a +2 pair of boots (worn)
   (You found it on level 5 of the Dungeon)
 K - the +2 pair of gloves of Conscience (worn) {rN+ rCorr Str+3 Int-4}
   (You found it on level 10 of the Dungeon)

   Str:       It affects your strength (+3).
   Int:       It affects your intelligence (-4).
   rN:        It protects you from negative energy.
   rCorr:     It protects you from acid and corrosion.
Jewellery
 f - an amulet of regeneration (around neck) {@e2}
   (You found it on level 10 of the Dungeon)
 s - a ring of wizardry
   (You found it on level 4 of the Dungeon)
 u - a ring of flight
   (You found it on level 3 of the Dungeon)
 J - a +4 ring of evasion (right hand)
   (You found it on level 2 of the Lair of Beasts)
 T - a ring of see invisible
   (You found it on level 8 of the Dungeon)
 U - a ring of wizardry
   (You took it off an orc wizard on level 10 of the Dungeon)
 V - the ring of Ydimao (left hand) {rPois rC- Will++ Int+6}
   (You acquired it on level 8 of the Dungeon)

   [ring of intelligence]

   Int:       It affects your intelligence (+6).
   rC:        It makes you vulnerable to cold.
   rPois:     It protects you from poison.
   Will:      It greatly increases your willpower.
Wands
 o - a wand of mindburst (12)
   (You found it on level 9 of the Dungeon)
 w - a wand of acid (1)
   (You took it off a gnoll shaman on level 10 of the Dungeon)
 Q - a wand of polymorph (3)
   (You took it off Maggie on level 10 of the Dungeon)
 Y - a wand of flame (12)
   (You found it on level 1 of the Lair of Beasts)
Scrolls
 b - 2 scrolls of vulnerability {!r!r}
 g - a scroll of torment {!r}
 h - a scroll of summoning {unknown}
 n - a scroll of teleportation {@r4}
 p - a scroll of amnesia {unknown}
 B - 2 scrolls of immolation {!r!r}
 D - 3 scrolls of magic mapping {!r}
 H - a scroll of blinking {unknown}
 M - a scroll of fog {unknown}
 N - 3 scrolls of fear {unknown}
 S - a scroll of brand weapon {unknown}
Potions
 i - 2 potions of mutation {unknown}
 j - 5 potions of curing {@q1}
 k - 5 potions of might
 l - a potion of experience {unknown}
 r - a potion of lignification {unknown}
 v - 2 potions of ambrosia
 z - a potion of flight {unknown}
 A - 3 potions of magic {unknown}
 C - 2 potions of degeneration {unknown}
 E - 2 potions of cancellation {unknown}
 F - 3 potions of attraction {unknown}
 G - 4 potions of haste {@q3}
 L - a potion of berserk rage {unknown}
 O - a potion of resistance {unknown}
 W - 3 potions of brilliance {unknown}
 X - a potion of invisibility {unknown}
 Z - a potion of heal wounds {unknown}

Dungeon Overview and Level Annotations

Branches:
Dungeon (11/15)            Temple (1/1) D:5            Lair (4/6) D:11
    Orc (0/2) D:9
  Swamp: Lair:2-4    Shoals: Lair:2-4     Snake: Lair:2-4    Spider: Lair:2-4

Altars:
Ashenzari
Cheibriados
Dithmenos
Elyvilon
Fedhas
Gozag
Hepliaklqana
Kikubaaqudgha
Makhleb
Nemelex Xobeh
Okawaru
Qazlal
Ru
Sif Muna
Trog
Uskayaw
Vehumet
Wu Jian
Xom
Yredelemnul
Zin
The Shining One

Shops:
D:5 **?*

Annotations:
D:4 2 transporters, AlmostDecent's ghost, novice GnEE
D:11 1 exclusion, Gastronok
Lair:3 1 runed translucent door

.#......###.#.............
#......######............
#.......# ##......#.#...
###......## ##P......###
## #.#......##
#.........## ..........#
###.......P# .....โ€ ...##
##.ยง.....## .........#
#.nF....## .........#
##.@....# .........#
#.FF...# .........#
#......# ##.....###
##......# ###...##
#.......## #....#
##.......# #....##
#.......# ####....#####
#......##
P###.....##P###.......#


You could see a bog body (pain bonded) and 3 blink frogs.


Message History

๐Ÿ˜จ HP[+3]
You regained 3 hp, and now have 29/71 hp.
The blink frog gives a loud, deep croak! x2
Uskayaw prepares the audience for your solo! ๐Ÿ˜จ HP[+2] MP[+1]
You regained 2 hp, and now have 31/71 hp.
The bog body is no longer paralysed.
The four-headed hydra is no longer paralysed. ๐Ÿ˜จ HP[+3]
You regained 3 hp, and now have 34/71 hp.
You puncture the four-headed hydra! You bite the four-headed hydra.
You drain its power.
You feel invigorated.
The four-headed hydra bites you but does no damage. x2
The four-headed hydra bites you.
* * * LOW HITPOINT WARNING * * *
The four-headed hydra bites you but does no damage. ๐Ÿ˜จ HP[-1] MP[+1]
You take 1 damage, and now have 33/71 hp.
You barely miss the four-headed hydra. You bite the four-headed hydra!
You drain its power.
You feel invigorated.
The bog body is no longer paralysed.
The blink frog is no longer paralysed. x3
The four-headed hydra barely misses you.
You block the four-headed hydra's attack.
The four-headed hydra closely misses you.
The four-headed hydra completely misses you. ๐Ÿ˜ฎ HP[+4] MP[+5]
You regained 4 hp, and now have 37/71 hp.
You regained 5 mp, and now have 16/22 mp. ๐Ÿ˜ฎ HP[+2] MP[+1]
You regained 2 hp, and now have 39/71 hp.
The blink frog blinks! ๐Ÿ˜ฎ HP[+3]
You regained 3 hp, and now have 42/71 hp.
The blink frog hits you but does no damage.
The blink frog misses you. ๐Ÿ˜ฎ HP[+3]
You regained 3 hp, and now have 45/71 hp.
The blink frog blinks!
The blink frog completely misses you. ๐Ÿ˜ฎ HP[+2]
You regained 2 hp, and now have 47/71 hp.
The blink frog completely misses you.
The blink frog blinks!
The blink frog completely misses you. ๐Ÿ˜ฎ HP[+3]
You regained 3 hp, and now have 50/71 hp.
You puncture the four-headed hydra!
You kill the four-headed hydra!
The blink frog blinks!
You block the blink frog's attack. The blink frog hits you!
The blink frog blinks!
The blink frog hits you. ๐Ÿ˜ฎ HP[-9] MP[-3]
You take 9 damage, and now have 41/71 hp.
You lost 3 mp, and now have 14/22 mp.
The blink frog blinks! ๐Ÿ˜ฎ HP[+2] MP[+1]
You regained 2 hp, and now have 43/71 hp.
You hit the bog body. The blink frog hits you!
The bog body touches you but does no damage.
The blink frog misses you. ๐Ÿ˜ฎ HP[-3] MP[-3]
You take 3 damage, and now have 40/71 hp.
You lost 3 mp, and now have 12/22 mp.
You puncture the bog body! You bite the bog body!
The bog body's magic leaks into the air.
You drain its magic.
You feel invigorated. The blink frog barely misses you.
The bog body touches you but does no damage.
The blink frog barely misses you.
Uskayaw will force your foes to share their pain.
Uskayaw links your audience in an emotional bond! ๐Ÿ˜ฎ HP[+3] MP[+10]
You regained 3 hp, and now have 43/71 hp.
Your mp is fully restored (22).
You hit the bog body. You bite the bog body!
You destroy the bog body!
The blink frog blinks!
The blink frog misses you.
The blink frog blinks!
You block the blink frog's attack. ๐Ÿ˜ฎ HP[+4]
You regained 4 hp, and now have 47/71 hp.
You barely miss the bog body. You bite the bog body!
The bog body's magic leaks into the air.
You drain its magic. You block the blink frog's attack.
The bog body closely misses you.
The blink frog blinks!
The blink frog completely misses you. ๐Ÿ˜ฎ HP[+3]
You regained 3 hp, and now have 50/71 hp.
You completely miss the bog body.
The blink frog blinks!
The bog body touches you. The bog body freezes you!!!
You feel a terrible chill!
* * * LOW HITPOINT WARNING * * *
The blink frog closely misses you.
The bog body completely misses you. ๐Ÿ˜จ HP[-31] MP[-14]
You take 31 damage, and now have 19/71 hp.
MASSIVE DAMAGE!! (PAUSE)
You lost 14 mp, and now have 8/22 mp.
You closely miss the bog body. Your bite misses the bog body.
The bog body's magic is no longer disrupted.
The blink frog closely misses you. You block the blink frog's attack.
The blink frog misses you. x2; The bog body touches you!
* * * LOW HITPOINT WARNING * * *
The bog body freezes you!!
You feel a terrible chill!
You die...

Skill      XL: |  1  2  3  4  5  6  7  8  9 10 11 12 13 |
---------------+----------------------------------------+-----
Dodging        | 1 2 3 5 6 |  6.3
Fighting       | 2 3 4 5 7 8 9 |  9.7
Short Blades   | 2 |  2.9
Spellcasting   | 1 2 3 4 5 |  5.6
Shields        | 1 2 3 4 |  4.4
Invocations    | 2 3 4 6 8 9 |  9.7
Hexes          | 1 4 6 |  6.7
Necromancy     | 1 4 6 8 |  8.5
Transmutations | 6 7 |  7.2
Throwing       | |  1.7
Stealth        | |  4.8

Action                   |  1- 3 |  4- 6 |  7- 9 | 10-12 | 13-15 || total
-------------------------+-------+-------+-------+-------+-------++-------
Melee: Dagger            |    59 |   199 |   315 |       |       ||   573
       Bite              |    11 |    50 |   124 |   155 |    31 ||   371
       Punch             |     1 |     1 |       |       |       ||     2
       Broad axe         |       |       |    32 |   470 |    44 ||   546
       Trident           |       |       |       |       |    16 ||    16
Throw: Dart              |       |       |    17 |    31 |       ||    48
Invok: Stomp             |       |     2 |     1 |     4 |     1 ||     8
       Line Pass         |       |       |       |     1 |       ||     1
       Grand Finale      |       |       |       |     1 |       ||     1
  Use: Scroll            |       |     4 |     1 |    12 |     3 ||    20
 Stab: Sleeping          |    13 |    11 |     9 |    11 |     1 ||    45
       Distracted        |       |     1 |     1 |       |       ||     2
       Paralysed         |       |       |     4 |    34 |     2 ||    40
Armor: Robe              |    16 |    59 |   108 |    22 |       ||   205
       Troll leather arm |       |       |       |   213 |   155 ||   368
Dodge: Dodged            |    32 |    96 |   182 |   539 |   291 ||  1140
Block: Buckler           |       |    21 |    99 |   265 |    98 ||   483

Levels and vault maps discovered:
D:1:      tarquinn_simple_flora_water_e, layout_loops_ring,
          hellmonk_ecumenical_altar_run_dry, minmay_rat_gold_closets
D:2:      minmay_recursive_quarters, layout_basic, hangedman_glass_teeth,
          feat_on_display, uniq_jessica, uniq_natasha, uniq_robin
D:3:      layout_basic
D:4:      layout_gridville, gammafunk_ghost_mausoleum
D:5:      layout_loops_corners, minmay_temple_entry_proselytizer, serial_shops,
          nicolae_square_shop, shop, kennysheep_mini,
          nicolae_shop_overgrown_old_shop, hangedman_decor_opposing,
          uniq_menkaure, uniq_blork_the_orc, uniq_eustachio
D:6:      layout_loops_ring, nicolae_wu_jian_wuxing_cycle,
          kennysheep_big_empty_room, kb_lookout_dungeons_type
D:7:      layout_basic
D:8:      layout_loops_ring
D:9:      layout_stronghold, orc_0_dummy
D:10:     lemuel_castle_with_subvaults [lemuel_castle_interior_original],
          layout_irregular_city, minmay_between, uniq_maggie
D:11:     layout_irregular_city, erik_lair_dragon, minmay_misc_feat_ornament,
          uniq_gastronok, uniq_psyche
Temple:   compressed_dpeg_circular_temple
Lair:1:   layout_long_grid
Lair:2:   layout_regular_city
Lair:3:   layout_cave_pods, gauntlet_entry_generic, pf_torpor_hydra
Lair:4:   layout_hall_layers, skrybe_swamp_entry_bodies,
          nicolae_spider_entry_tight_spaces, infiniplex_staircase_pool

Notes
Turn   | Place    | Note
-------+----------+-------------------------------------------
     0 | D:1      | GrayStillPlays the Vine Stalker Brigand began the quest for
                  | the Orb.
     0 | D:1      | Reached XP level 1. HP: 11/11 MP: 2/2
     0 | D:1      | magus.rc [v1.9.6]
   109 | D:1      | Reached skill level 1 in Dodging
   115 | D:1      | Reached XP level 2. HP: 11/15 MP: 3/3
   212 | D:1      | You fall into a shaft and drop 1 floor!
   216 | D:2      | Reached skill level 2 in Fighting
   217 | D:2      | Noticed Jessica
   234 | D:1      | Reached skill level 2 in Short Blades
   686 | D:1      | Reached skill level 1 in Spellcasting
   716 | D:1      | Found a faded altar of an unknown god.
   736 | D:1      | Reached XP level 3. HP: 18/18 MP: 5/5
   988 | D:2      | Noticed Natasha
   991 | D:2      | Killed Natasha
  1008 | D:2      | Gained mutation: Your natural rate of healing is unusually
                  | fast. [Vine Stalker growth]
  1008 | D:2      | Reached XP level 4. HP: 21/23 MP: 5/7
  1078 | D:2      | You pick up a book of Maledictions and begin reading...
  1078 | D:2      | You add the spells Tukima's Dance, Anguish and Enfeeble to
                  | your library.
  1208 | D:2      | Noticed Robin
  1244 | D:2      | Killed Robin
  1314 | D:2      | Killed Jessica
  1315 | D:2      | Reached skill level 2 in Dodging
  1315 | D:2      | Reached XP level 5. HP: 17/27 MP: 4/8
  1422 | D:2      | Noticed Natasha
  1432 | D:2      | Killed Natasha
  1433 | D:2      | Reached skill level 2 in Spellcasting
  1501 | D:2      | Noticed Natasha
  1514 | D:2      | Killed Natasha
  1929 | D:3      | Reached skill level 3 in Fighting
  1982 | D:3      | Noticed a necrophage
  1996 | D:3      | Killed a necrophage
  1997 | D:3      | Reached skill level 1 in Shields
  1997 | D:3      | Reached XP level 6. HP: 31/32 MP: 10/10
  2517 | D:4      | Found a transporter.
  2821 | D:4      | Reached skill level 3 in Spellcasting
  3013 | D:4      | Found a transporter.
  3013 | D:4      | Noticed AlmostDecent's ghost (novice GnEE)
  3432 | D:5      | Entered Level 5 of the Dungeon
  3432 | D:5      | Found a staircase to the Ecumenical Temple.
  3438 | Temple   | Entered the Ecumenical Temple
  3515 | Temple   | Became a worshipper of Uskayaw the Reveller
  3563 | D:5      | Noticed an ice beast
  3573 | D:5      | Reached * piety under Uskayaw
  3620 | D:5      | Killed an ice beast
  3621 | D:5      | Reached skill level 3 in Dodging
  3621 | D:5      | Reached XP level 7. HP: 37/37 MP: 0/13
  3752 | D:5      | Reached ** piety under Uskayaw
  3905 | D:5      | Noticed Menkaure
  3909 | D:5      | Killed Menkaure
  3910 | D:5      | Reached skill level 2 in Shields
  3910 | D:5      | Reached skill level 1 in Invocations
  4002 | D:5      | Reached skill level 4 in Fighting
  4112 | D:5      | Reached skill level 4 in Spellcasting
  4112 | D:5      | Reached skill level 2 in Invocations
  4112 | D:5      | Gained mutation: You have razor-sharp teeth. [Vine Stalker
                  | growth]
  4112 | D:5      | Reached XP level 8. HP: 21/42 MP: 11/15
  4141 | D:5      | Noticed Blork the orc
  4142 | D:5      | Noticed Eustachio
  4344 | D:5      | Found Aguirr's Assorted Antiques.
  4372 | D:5      | Reached skill level 4 in Dodging
  4438 | D:5      | Found Vamud's Magic Scroll Emporium.
  4604 | D:5      | Killed Eustachio
  4657 | D:5      | Killed Blork the orc
  4658 | D:5      | Reached skill level 3 in Shields
  4701 | D:5      | Found Deat's General Store.
  4801 | D:5      | Found Ciges's General Store.
  5287 | D:6      | Reached skill level 3 in Invocations
  5425 | D:6      | Reached skill level 5 in Dodging
  5527 | D:6      | Found an ornate altar of the Wu Jian Council.
  5544 | D:6      | Reached XP level 9. HP: 44/46 MP: 17/17
  5657 | D:7      | Noticed a hornet
  5667 | D:6      | Paralysed by a hornet for 3 turns
  5671 | D:6      | Killed a hornet
  5672 | D:6      | Reached skill level 5 in Spellcasting
  5708 | D:7      | Reached skill level 5 in Fighting
  5793 | D:7      | Reached *** piety under Uskayaw
  6015 | D:7      | Reached skill level 4 in Shields
  6110 | D:7      | Reached **** piety under Uskayaw
  6111 | D:7      | Reached skill level 4 in Invocations
  6582 | D:7      | Reached skill level 6 in Dodging
  6595 | D:7      | Noticed a hornet
  6705 | D:5      | Bought a twisted broad axe for 243 gold pieces
  6705 | D:5      | Identified the +9 broad axe "Dumun" {drain, rC+} (You
                  | bought it in a shop on level 5 of the Dungeon)
  6809 | D:7      | Killed a hornet
  7072 | D:8      | You pick up a book of Death and begin reading...
  7072 | D:8      | You add the spells Animate Dead, Haunt and Infestation to
                  | your library.
  7079 | D:8      | Learned a level 4 spell: Anguish
  7253 | D:8      | You pick up a book of Maledictions and begin reading...
  7266 | D:8      | Reached skill level 1 in Hexes
  7266 | D:8      | Reached skill level 1 in Necromancy
  7266 | D:8      | Reached XP level 10. HP: 38/53 MP: 14/19
  7268 | D:8      | Reached skill level 6 in Fighting
  7268 | D:8      | Reached skill level 2 in Necromancy
  7268 | D:8      | Reached skill level 5 in Invocations
  7268 | D:8      | Reached ***** piety under Uskayaw
  7272 | D:8      | Reached skill level 2 in Hexes
  7339 | D:8      | Reached skill level 3 in Hexes
  7339 | D:8      | Reached skill level 3 in Necromancy
  7881 | D:8      | Identified a scroll of acquirement
  7881 | D:8      | Acquired the ring of Ydimao {rPois rC- Will++ Int+6}
  8172 | D:9      | Found a staircase to the Orcish Mines.
  8680 | D:10     | Entered Level 10 of the Dungeon
  8804 | D:9      | Reached skill level 6 in Invocations
  8859 | D:10     | Identified the +2 pair of gloves of Conscience {rN+ rCorr
                  | Str+3 Int-4}
  8901 | D:10     | Reached skill level 4 in Hexes
  8901 | D:10     | Reached skill level 4 in Necromancy
  9071 | D:10     | Reached skill level 7 in Fighting
  9116 | D:10     | Noticed a kobold demonologist
  9149 | D:10     | Reached XP level 11. HP: 37/58 MP: 7/20
  9231 | D:10     | Noticed an orc knight
  9368 | D:10     | Noticed Maggie
  9369 | D:10     | Noticed a two-headed ogre
  9407 | D:9      | Killed a two-headed ogre
  9479 | D:10     | Killed Maggie
  9480 | D:10     | Reached skill level 5 in Hexes
  9480 | D:10     | Reached skill level 5 in Necromancy
  9563 | D:10     | You pick up a book of Debilitation and begin reading...
  9563 | D:10     | You add the spells Slow, Vampiric Draining and Confusing
                  | Touch to your library.
  9581 | D:10     | Reached skill level 7 in Invocations
  9770 | D:9      | Killed an orc knight
  9878 | D:10     | Noticed a cyclops
  9943 | D:10     | Killed a cyclops
  9949 | D:10     | Learned a level 3 spell: Tukima's Dance
 10072 | D:10     | Noticed a two-headed ogre
 10081 | D:10     | Killed a two-headed ogre
 10158 | D:10     | Reached skill level 8 in Fighting
 10238 | D:10     | Noticed a death drake
 10330 | D:10     | Reached skill level 6 in Necromancy
 10333 | D:10     | Reached skill level 6 in Hexes
 10630 | D:10     | You pick up a book of Necromancy and begin reading...
 10630 | D:10     | You add the spells Pain and Animate Skeleton to your
                  | library.
 10871 | D:11     | Reached skill level 8 in Invocations
 10877 | D:11     | Reached ****** piety under Uskayaw
 10879 | D:11     | Reached XP level 12. HP: 65/65 MP: 15/21
 11007 | D:11     | You pick up a book of Transfigurations {@e2} and begin
                  | reading...
 11007 | D:11     | You add the spells Irradiate, Blade Hands and Dragon Form
                  | to your library.
 11014 | D:11     | Learned a level 5 spell: Irradiate
 11133 | D:11     | Noticed Gastronok
 11133 | D:11     | Noticed a boulder beetle
 11175 | D:11     | Noticed Psyche
 11182 | D:11     | Killed Psyche
 11222 | D:11     | Reached skill level 1 in Transmutations
 11364 | D:11     | Noticed a two-headed ogre
 11391 | D:11     | Killed a two-headed ogre
 11392 | D:11     | Reached skill level 2 in Transmutations
 11473 | D:11     | Reached skill level 7 in Necromancy
 11695 | D:11     | Reached skill level 3 in Transmutations
 11699 | D:11     | Found a staircase to the Lair.
 11726 | Lair:1   | Entered Level 1 of the Lair of Beasts
 12493 | Lair:2   | Reached skill level 4 in Transmutations
 12562 | Lair:2   | Reached skill level 9 in Fighting
 12726 | Lair:2   | Reached skill level 9 in Invocations
 12808 | Lair:2   | Reached skill level 5 in Transmutations
 13537 | Lair:3   | You pick up a book of Callings and begin reading...
 13537 | Lair:3   | You add the spells Summon Small Mammal, Call Canine
                  | Familiar and Summon Guardian Golem to your library.
 13721 | Lair:3   | Reached skill level 8 in Necromancy
 13745 | Lair:3   | Noticed an eight-headed hydra
 13752 | Lair:3   | Reached skill level 6 in Transmutations
 13754 | Lair:3   | HP: 15/67 [13-headed hydra (5)]
 13759 | Lair:3   | HP: 9/67 [13-headed hydra (11)]
 13773 | Lair:3   | Noticed an eight-headed hydra
 13821 | Lair:3   | Reached XP level 13. HP: 67/70 MP: 11/22
 13851 | Lair:3   | Found a runed translucent door.
 13854 | Lair:3   | HP: 13/70 [elephant (12)]
 14677 | D:5      | Bought a scroll of enchant weapon for 105 gold pieces
 14971 | Lair:2   | HP: 16/70 [19-headed hydra (6)]
 15170 | Lair:4   | Reached skill level 7 in Transmutations
 15251 | Lair:4   | HP: 14/71 [bog body (8)]
 15251 | Lair:4   | Demolished by a bog body

Vanquished Creatures
  A hydra (Lair:4)
  A catoblepas (Lair:3)
  3 two-headed ogres
  A bog body (Lair:4)
  An orc knight (D:9)
  A cyclops (D:10)
  3 black mambas
  6 cane toads
  2 kobold demonologists (D:10)
  10 komodo dragons
  Psyche (D:11)
  A rime drake (Lair:1)
  Maggie (D:10)
  2 hornets
  4 trolls
  4 wyverns
  A shadow (D:10)
  A vampire (D:7)
  A wraith (D:11)
  Eustachio (D:5)
  33 yaks
  6 basilisks
  A steam dragon (D:11)
  Menkaure (D:5)
  5 wargs (D:10)
  4 water moccasins
  A hell hound (D:10)
  2 acid dragons
  9 orc warriors
  2 sky beasts (D:5)
  2 ice beasts
  A black bear (D:7)
  2 ogres
  2 necrophages
  9 centaurs
  A phantom (D:5)
  Blork the orc (D:5)
  5 gnoll sergeants
  7 kobold brigands
  7 bullfrogs
  5 wights (D:8)
  10 howler monkeys
  3 electric eels (D:6)
  3 centaur zombies
  2 hounds
  3 jellies
  2 centaur skeletons (D:7)
  9 gnoll shamans
  2 bullfrog skeletons (D:5)
  9 orc priests
  Jessica (D:2)
  A scorpion zombie (D:5)
  An iguana (D:6)
  12 orc wizards
  Natasha (thrice) (D:2)
  2 howler monkey zombies
  Robin (D:2)
  5 gnolls (D:7)
  3 adders
  A shadow imp (D:8)
  A white imp (D:5)
  2 ufetubi
  A worm (D:2)
  A dart slug (D:1)
  29 orcs
  4 bats
  7 endoplasms
  6 goblins
  13 hobgoblins
  3 jackals
  20 kobolds
  6 quokkas
  8 ball pythons
  A frilled lizard (D:2)
  21 rats
348 creatures vanquished.

Vanquished Creatures (others)
  10 fungi
  4 plants
14 creatures vanquished.

Grand Total: 362 creatures vanquished

Table legend:
 A = Non-vault XP
 B = Vault XP
 C = Vault XP percentage of total XP
 D = Non-vault monster count
 E = Vault monster count
 F = Vault count percentage of total count
                 A         B        C        D         E       F
            +---------+---------+-------+---------+---------+-------
      Total |   25422 |   11972 |  32.0 |     252 |      96 |  27.6
            +---------+---------+-------+---------+---------+-------
        D:1 |      34 |       9 |  20.9 |      19 |       9 |  32.1
        D:2 |      96 |     105 |  52.2 |      19 |      14 |  42.4
        D:3 |     149 |       0 |   0.0 |      19 |       0 |   0.0
        D:4 |     182 |       0 |   0.0 |      14 |       0 |   0.0
        D:5 |     800 |     506 |  38.7 |      11 |       4 |  26.7
        D:6 |     724 |     112 |  13.4 |       9 |       1 |  10.0
        D:7 |    1461 |       0 |   0.0 |      29 |       0 |   0.0
        D:8 |    2767 |       0 |   0.0 |      29 |       0 |   0.0
        D:9 |     498 |    2322 |  82.3 |      16 |       8 |  33.3
       D:10 |     484 |    6518 |  93.1 |      14 |      52 |  78.8
       D:11 |    4025 |    1727 |  30.0 |      22 |       7 |  24.1
     Lair:1 |    1721 |       0 |   0.0 |       6 |       0 |   0.0
     Lair:2 |    4619 |       0 |   0.0 |      20 |       0 |   0.0
     Lair:3 |    4353 |       0 |   0.0 |      17 |       0 |   0.0
     Lair:4 |    3509 |     673 |  16.1 |       8 |       1 |  11.1
            +---------+---------+-------+---------+---------+-------

Illustrated notes

Table legend:
 A = Kills in this place as a percentage of kills in entire the game.
 B = Kills by you in this place as a percentage of kills by you in the entire game.
 C = Kills by friends in this place as a percentage of kills by friends in the entire game.
 D = Other kills in this place as a percentage of other kills in the entire game.
 E = Experience gained in this place as a percentage of experience gained in the entire game.
 F = Experience gained in this place divided by the number of levels of this place that you have seen.
                   A       B       C       D       E      F
               +-------+-------+-------+-------+-------+----------------------
         Total | 100.0 | 100.0 |   N/A |   N/A | 100.0 | 2337.1
       Dungeon |  85.1 |  85.1 |   N/A |   N/A |  60.2 | 2047.2
          Lair |  14.9 |  14.9 |   N/A |   N/A |  39.8 | 3718.8
               +-------+-------+-------+-------+-------+----------------------

Table legend: (Time is in decaauts)
 A = Elapsed time spent in this place.
 B = Non-inter-level travel time spent in this place.
 C = Inter-level travel time spent in this place.
 D = Time resting spent in this place.
 E = Time spent auto-exploring this place.
 F = Levels seen in this place.
 G = Mean time per level.
                   A        B        C        D        E       F      G
               +--------+--------+--------+--------+--------+-----+--------+
         Total |  15568 |  13520 |   2048 |    366 |   7886 |  16 |  973.0 |
       Dungeon |  12469 |  10660 |   1809 |    366 |   6455 |  11 | 1133.5 |
        Temple |    111 |    111 |      0 |      0 |      0 |   1 |  111.0 |
          Lair |   2986 |   2747 |    239 |      0 |   1431 |   4 |  746.5 |
               +--------+--------+--------+--------+--------+-----+--------+

Top non-repeatable levels by time:
    D:10: 1898 daAuts
     D:5: 1574 daAuts
     D:9: 1463 daAuts
  Lair:2: 1325 daAuts
     D:7: 1151 daAuts
     D:4: 1108 daAuts
    D:11: 1097 daAuts
     D:1: 902 daAuts
     D:8: 898 daAuts
     D:2: 854 daAuts
     D:6: 840 daAuts
  Lair:1: 832 daAuts
     D:3: 680 daAuts
  Lair:3: 596 daAuts
  Lair:4: 232 daAuts
